Map: Misty Swamp

Players

Legend

  • Race: Terran Terran
  • Spawn Location: 9:00

Metasapien

  • Race: Zerg Zerg
  • League: Platinum
  • Spawn Location: 12:00

PlatinSlayer

  • Race: Zerg Zerg
  • League: Gold
  • Spawn Location: 9:00

TarValon - Winner!

  • Race: Protoss Protoss
  • League: Platinum
  • Spawn Location: 3:00

Diesel - Winner!

  • Race: Zerg Zerg
  • Spawn Location: 12:00

ZergSoupYum - Winner!

  • Race: Protoss Protoss
  • Spawn Location: 3:00

VOD

Have the link to the VOD?

Description

Time

  • Played on: Sept. 23, 2017, 10:36 a.m.
  • Length: 13:34
Show
View Real Time Build Order
Export as new Build Order

Legend Terran 

Build Orders: Mech 

Get SALT Encoding   

  12  0:01  SCV  
  13  0:13  SCV  
  14  0:21  Supply Depot  
  14  0:25  SCV  
  15  0:43  SCV  
  15  0:44  Barracks  
  16  0:55  SCV  
  17  0:59  Refinery  
  17  1:04  Refinery  
  17  1:09  SCV  
  18  1:22  SCV  
  19  1:39  SCV  
  20  1:44  Command Center  
  20  1:48  Supply Depot  
  20  1:52  SCV  
  21  2:04  SCV  
  21  2:08  Factory  
  22  2:11  Barracks Tech Lab  
  22  2:19  Supply Depot  
  22  2:31  Orbital Command  
  22  2:47  Factory  
  22  2:59  SCV  
  23  3:11  Siege Tank, SCV  
  27  3:27  SCV, Supply Depot  
  27  3:30  Factory Tech Lab  
  28  3:39  SCV  
  29  4:06  Siege Tank x2  
  36  4:31  SCV  
  36  4:38  Siege Tank  
  39  4:43  SCV  
  37  4:55  SCV  
  37  4:59  Refinery x2, SCV  
  39  5:07  SCV  
  39  5:11  SCV  
  43  5:14  Hellion x2  
  43  5:19  SCV  
  46  5:23  SCV  
  46  5:26  Factory  
  47  5:45  Infernal Pre-Igniter  
  47  5:55  Hellion x2  
  51  6:02  SCV  
  51  6:04  Supply Depot  
  52  6:11  Hellion, Supply Depot x2  
  54  6:14  SCV  
  55  6:29  Hellion x2  
  61  6:33  Hellion  
  61  6:39  Armory x2  
  61  6:40  Supply Depot  
  61  6:41  SCV  
  62  6:50  Hellion x2  
  66  6:55  Factory Tech Lab  
  66  6:57  SCV  
  67  7:07  SCV  
  68  7:09  SCV  
  69  7:19  SCV  
  69  7:20  Siege Tank x2  
  69  7:21  Siege Tank, SCV  
  80  7:26  Supply Depot  
  80  7:29  Terran Vehicle Weapons Level 1, Supply Depot  
  80  7:30  Terran Vehicle And Ship Armor Level 1  
  80  7:31  SCV  
  80  7:33  SCV  
  82  7:37  Starport  
  82  7:43  SCV  
  83  7:45  SCV  
  84  7:55  SCV  
  84  7:57  SCV  
  86  8:09  Orbital Command  
  86  8:21  Command Center  
  86  8:37  Siege Tank x3  
  86  9:55  Thor x2  
  86  9:56  Thor  
  86  9:58  Starport Reactor  
  104  10:02  Starport  
  104  10:04  Supply Depot  
  104  10:05  Supply Depot  
  104  10:10  Starport  
  105  10:14  SCV  
  105  10:15  Refinery  
  105  10:26  SCV  
  105  10:27  Refinery  
  106  10:32  Terran Ship Weapons Level 1  
  106  10:33  Terran Vehicle Weapons Level 2  
  106  10:35  Viking x2  
  110  10:38  SCV  
  110  10:40  Supply Depot  
  110  10:41  Starport Reactor  
  110  10:42  Supply Depot  
  111  10:48  Starport Reactor  
  111  10:50  SCV  
  112  11:02  SCV  
  113  11:06  Viking x2  
  117  11:14  SCV  
  118  11:21  Viking x2  
  122  11:26  SCV, Viking x2  
  127  11:43  Viking x2  
  129  11:51  Viking x2  
  130  11:56  Viking x2  
  130  12:21  Viking  
  115  12:26  Viking x2  
Show
View Real Time Build Order
Export as new Build Order

Metasapien Zerg 

Build Orders: 3 Hatch before Pool 

Get SALT Encoding   

  12  0:03  Drone  
  13  0:33  Drone  
  14  1:11  Hatchery  
  13  1:14  Hatchery  
  13  1:18  Overlord  
  12  1:20  Drone  
  12  1:21  Drone  
  14  1:27  Extractor  
  13  1:33  Overlord  
  13  1:40  Drone  
  14  2:18  Drone  
  14  2:21  Drone x2  
  14  2:22  Spawning Pool  
  16  2:24  Drone  
  16  2:26  Drone  
  18  2:34  Drone  
  19  2:41  Drone  
  19  2:43  Drone  
  21  2:45  Drone x2  
  23  2:53  Drone  
  24  3:10  Spine Crawler  
  23  3:14  Drone  
  23  3:15  Drone, Queen, Spine Crawler  
  23  3:16  Queen  
  23  3:18  Drone  
  29  3:26  Spore Crawler  
  28  3:30  Extractor  
  27  3:35  Drone x2  
  27  3:36  Roach Warren  
  27  3:39  Drone x2  
  30  3:41  Drone  
  31  3:49  Drone  
  31  3:50  Drone x2  
  34  3:59  Queen  
  34  4:01  Zergling x2  
  37  4:04  Lair  
  37  4:11  Drone x2  
  38  4:23  Zergling x4  
  33  4:30  Drone x2  
  27  4:32  Drone x3  
  27  4:35  Drone  
  31  4:47  Drone  
  32  4:54  Drone  
  32  4:58  Drone x4  
  32  4:59  Drone x3  
  39  5:01  Extractor  
  39  5:04  Extractor  
  39  5:05  Drone  
  38  5:08  Extractor  
  38  5:10  Extractor  
  38  5:11  Drone x3  
  37  5:16  Drone  
  37  5:18  Queen  
  40  5:32  Overlord  
  40  5:33  Overlord  
  40  5:37  Drone  
  41  5:47  Overlord  
  41  5:50  Spine Crawler  
  41  5:52  Spine Crawler, Zergling x4  
  41  5:53  Zergling x2, Roach x4  
  41  5:54  Spine Crawler, Roach x2  
  53  6:01  Spine Crawler  
  53  6:04  Zergling x2, Roach x2  
  56  6:05  Zergling x2  
  56  6:06  Zergling x6  
  59  6:21  Queen  
  59  6:22  Queen  
  61  6:26  Drone  
  61  6:27  Drone  
  61  6:31  Drone x2  
  65  6:41  Extractor  
  65  6:46  Hydralisk Den  
  63  6:49  Drone x2  
  63  6:52  Overlord x3  
  65  6:55  Overlord x2  
  65  7:13  Drone  
  65  7:14  Drone x2  
  68  7:17  Drone  
  68  7:19  Drone x2  
  68  7:20  Roach, Hydralisk x3  
  68  7:21  Roach x5, Hydralisk  
  91  7:30  Overlord  
  91  7:32  Overlord x2  
  91  7:33  Pneumatized Carapace  
  91  7:46  Roach  
  91  7:47  Hatchery  
  91  7:50  Drone  
  93  7:52  Drone x2  
  93  7:53  Drone  
  93  7:56  Drone  
  93  7:57  Drone  
  98  8:04  Drone x3  
  101  8:08  Glial Reconstitution  
  101  8:11  Muscular Augments  
  101  8:17  Evolution Chamber  
  101  8:19  Evolution Chamber  
  99  8:22  Hydralisk x3  
  99  8:24  Roach  
  107  8:33  Zergling x4  
  107  8:34  Zergling x2, Hydralisk x2  
  110  8:38  Overseer  
  114  8:45  Hydralisk  
  114  8:46  Roach, Hydralisk  
  114  8:47  Roach  
  122  9:05  Drone x4  
  122  9:06  Drone  
  122  9:07  Queen  
  122  9:08  Drone  
  130  9:12  Hydralisk  
  130  9:13  Roach  
  100  9:43  Hydralisk x2  
  100  9:44  Hydralisk x7  
  100  9:45  Hydralisk x3  
  113  9:54  Drone  
  114  10:10  Extractor x2  
  95  10:21  Hydralisk x2  
  95  10:22  Hydralisk x11  
  100  10:33  Ravager x2  
  99  10:39  Hydralisk x2  
  97  10:43  Queen  
  50  10:58  Hydralisk x4  
  50  10:59  Hydralisk  
  46  11:32  Hydralisk x2  
  34  12:13  Hatchery  
  32  12:20  Roach x4  
  32  12:21  Roach  
  42  12:41  Hydralisk x2  
  46  12:44  Ravager  
  46  12:45  Ravager x3  
  46  12:46  Ravager  
  51  12:52  Hydralisk x2  
  51  12:53  Hydralisk  
  51  12:58  Spore Crawler x2  
  56  12:59  Spore Crawler  
Show
View Real Time Build Order
Export as new Build Order

PlatinSlayer Zerg 

Build Orders: Pool First 

Get SALT Encoding   

  12  0:07  Drone  
  13  0:13  Overlord  
  13  0:18  Drone  
  14  0:37  Spawning Pool  
  14  0:39  Drone  
  14  0:43  Drone  
  14  0:46  Drone  
  16  0:52  Extractor  
  16  0:53  Drone  
  16  1:11  Drone  
  17  1:24  Hatchery  
  16  1:32  Zergling x4  
  18  1:35  Zergling x2  
  19  1:47  Queen  
  19  1:53  Overlord  
  21  2:06  Extractor  
  21  2:08  Drone x2  
  22  2:11  Metabolic Boost  
  22  2:18  Zergling x2  
  23  2:30  Zergling x2  
  24  2:47  Drone x3  
  26  3:08  Lair  
  26  3:10  Zergling x8  
  26  3:11  Zergling x2  
  31  3:14  Zergling x2  
  32  3:28  Zergling x6  
  25  4:14  Zergling x12  
  26  5:06  Drone x7  
  33  5:11  Queen  
  35  5:18  Spire  
  34  5:22  Hydralisk Den, Drone x3  
  34  5:54  Extractor  
  33  5:57  Extractor  
  33  6:00  Overlord x3  
  32  6:05  Muscular Augments  
  32  6:09  Hydralisk x2  
  36  6:11  Overlord  
  36  6:32  Drone x3  
  39  6:33  Drone x3  
  42  6:44  Mutalisk x3  
  42  6:45  Mutalisk x2  
  52  6:53  Mutalisk  
  54  6:54  Mutalisk  
  56  7:12  Drone x5  
  56  7:13  Drone x2  
  63  7:18  Lurker Den  
  63  7:23  Zerg Flyer Weapons Level 1  
  63  7:26  Drone x2  
  65  7:47  Mutalisk  
  65  7:49  Overlord x2  
  67  8:05  Overlord x2  
  67  8:29  Mutalisk x7  
  81  8:37  Hatchery  
  81  8:39  Extractor  
  79  8:42  Extractor  
  79  8:44  Mutalisk  
  79  8:45  Mutalisk  
  82  9:13  Mutalisk x4  
  90  9:22  Zerg Flyer Weapons Level 2  
  66  10:19  Mutalisk x4  
  66  10:20  Mutalisk x2  
  62  10:34  Drone  
  62  10:35  Drone x4  
  67  10:46  Corruptor x2  
  67  10:48  Hydralisk  
  69  11:18  Hydralisk x7  
  55  11:19  Hydralisk  
  69  11:28  Spore Crawler  
  69  11:31  Spore Crawler  
  65  11:34  Hydralisk  
  65  11:35  Hydralisk x2  
  65  11:36  Spore Crawler  
  65  11:38  Drone x4  
  74  11:59  Zergling x12  
  74  12:00  Queen  
  56  12:23  Corruptor x2  
  56  12:24  Corruptor x4  
  66  12:32  Corruptor  
  63  12:46  Corruptor x4  
Show
View Real Time Build Order
Export as new Build Order

TarValon Protoss - Winner!

Build Orders: Cannon Rush 

Get SALT Encoding   

  13  0:28  Probe (Chrono Boost)  
  13  0:33  Pylon  
  13  0:39  Probe (Chrono Boost)  
  14  0:49  Probe (Chrono Boost)  
  15  0:52  Forge  
  15  1:00  Probe (Chrono Boost)  
  16  1:09  Pylon  
  16  1:11  Probe (Chrono Boost)  
  17  1:21  Probe (Chrono Boost)  
  18  1:32  Probe (Chrono Boost), Photon Cannon  
  19  1:33  Photon Cannon  
  19  1:46  Photon Cannon  
  19  2:03  Pylon  
  19  2:12  Photon Cannon  
  19  2:25  Photon Cannon  
  19  2:26  Photon Cannon  
  19  2:29  Photon Cannon  
  18  2:51  Probe (Chrono Boost)  
  19  3:01  Gateway  
  19  3:02  Probe (Chrono Boost)  
  21  3:13  Probe (Chrono Boost)  
  21  3:22  Pylon  
  21  3:23  Probe (Chrono Boost)  
  22  3:34  Probe (Chrono Boost)  
  23  3:35  Assimilator  
  23  3:39  Pylon, Assimilator  
  23  3:42  Photon Cannon  
  23  3:43  Photon Cannon  
  23  3:44  Probe (Chrono Boost)  
  24  3:49  Photon Cannon  
  24  3:55  Probe (Chrono Boost)  
  25  4:05  Probe (Chrono Boost), Cybernetics Core  
  26  4:16  Probe (Chrono Boost)  
  27  4:26  Probe (Chrono Boost)  
  28  4:32  Protoss Shields Level 1 (Chrono Boost)  
  28  4:37  Probe  
  29  4:49  Probe  
  29  4:50  Pylon  
  29  5:01  Probe  
  30  5:13  Probe  
  31  5:15  Nexus  
  31  5:21  Photon Cannon  
  31  5:26  Probe  
  32  5:31  Stargate x2  
  32  5:38  Probe  
  33  5:47  Assimilator  
  33  5:51  Assimilator  
  33  5:56  Assimilator  
  33  6:00  Assimilator  
  33  6:01  Nexus  
  33  6:09  Probe  
  34  6:11  Protoss Air Weapons Level 1  
  34  6:21  Probe  
  34  6:23  Void Ray  
  39  6:31  Probe  
  40  6:41  Probe x2  
  42  6:52  Probe  
  42  6:53  Void Ray  
  47  7:11  Probe  
  47  7:14  Probe  
  48  7:22  Probe  
  49  7:24  Probe  
  51  7:32  Probe  
  51  7:35  Probe  
  53  7:42  Phoenix  
  53  7:43  Probe, Phoenix  
  57  7:44  Pylon  
  57  7:45  Probe  
  57  7:47  Pylon  
  59  7:53  Probe  
  59  7:56  Probe  
  61  8:07  Probe, Phoenix  
  61  8:08  Phoenix  
  61  8:10  Protoss Air Armor Level 1  
  61  8:12  Stargate  
  66  8:13  Stargate  
  66  8:19  Fleet Beacon  
  66  8:51  Nexus  
  66  9:03  Phoenix x2  
  66  9:04  Void Ray x2  
  70  9:47  Phoenix x3  
  74  9:57  Phoenix  
  64  10:12  Phoenix  
  67  10:22  Phoenix  
  69  10:29  Pylon  
  69  10:30  Pylon  
  69  10:32  Anion Pulse-Crystals  
  69  10:33  Pylon  
  69  10:36  Phoenix x2  
  69  10:37  Phoenix  
  71  10:47  Phoenix  
  73  11:01  Phoenix x2  
  73  11:02  Phoenix  
  77  11:12  Phoenix  
  77  11:27  Phoenix  
  79  11:37  Phoenix  
Show
View Real Time Build Order
Export as new Build Order

Diesel Zerg - Winner!

Build Orders: Pool First 

Get SALT Encoding   

  12  0:14  Drone x2  
  14  0:29  Overlord  
  14  0:40  Spawning Pool  
  14  0:42  Extractor  
  12  0:43  Drone  
  12  0:46  Drone  
  14  0:54  Drone  
  15  0:58  Drone  
  16  1:08  Drone  
  17  1:27  Zergling x2  
  17  1:28  Queen  
  20  1:40  Zergling x2  
  20  1:42  Zergling x2  
  22  2:07  Overlord  
  22  2:10  Hatchery  
  21  2:22  Metabolic Boost  
  21  2:23  Zergling x2  
  22  2:45  Zergling x4  
  22  2:46  Zergling x2  
  25  3:01  Zergling x6  
  28  3:15  Extractor  
  28  3:17  Drone, Roach Warren  
  27  3:23  Queen  
  29  3:37  Zergling x14  
  36  3:54  Overlord  
  32  4:17  Zergling x6  
  32  4:18  Zergling x10  
  32  4:37  Zergling x2  
  32  4:38  Zergling x4  
  31  4:50  Roach x2  
  35  5:05  Pneumatized Carapace  
  35  5:17  Evolution Chamber x2  
  33  5:34  Drone x5  
  33  5:35  Drone x2  
  40  5:57  Roach  
  40  5:58  Overlord  
  38  6:24  Roach x2  
  38  6:25  Roach x3  
  46  6:34  Drone x3  
  49  6:41  Drone x2  
  51  6:56  Drone  
  51  6:59  Overlord  
  52  7:21  Drone  
  52  7:22  Drone x7  
  60  7:32  Zerg Missile Weapons Level 1  
  60  7:34  Zerg Ground Armor Level 1  
  60  7:35  Overlord  
  60  7:36  Overlord  
  60  7:48  Lair  
  60  8:05  Drone  
  60  8:07  Drone  
  60  8:09  Drone  
  63  8:26  Drone x4  
  63  8:27  Drone x4  
  69  8:28  Hatchery  
  70  8:51  Roach x3  
  70  8:52  Overlord x3  
  70  9:21  Zergling x2, Roach  
  70  9:22  Roach x5  
  47  10:02  Extractor  
  47  10:03  Extractor  
  44  10:08  Hydralisk Den  
  37  10:15  Roach x3  
  37  10:16  Roach x3  
  49  10:31  Drone x2  
  51  10:42  Queen  
  53  10:43  Drone x4  
  53  10:44  Drone x2  
  59  10:54  Zergling x6  
  62  11:02  Glial Reconstitution  
  62  11:05  Zerg Melee Weapons Level 1  
  62  11:21  Zergling x10  
  62  11:22  Zergling x12  
  67  12:28  Roach x2  
  67  12:29  Roach x4  
  74  12:30  Overlord x3  
  74  12:31  Overlord  
  74  12:42  Overlord x2  
  74  13:05  Extractor  
  75  13:06  Overlord, Extractor  
  75  13:07  Zergling x6  
  75  13:08  Zergling x12  
Show
View Real Time Build Order
Export as new Build Order

ZergSoupYum Protoss - Winner!

Build Orders: Forge Fast Expand (FFE) 

Get SALT Encoding   

  12  0:02  Probe (Chrono Boost)  
  13  0:14  Pylon  
  13  0:19  Probe (Chrono Boost)  
  14  0:33  Forge  
  14  0:36  Probe (Chrono Boost)  
  15  0:47  Probe (Chrono Boost)  
  16  1:06  Photon Cannon  
  16  1:11  Photon Cannon  
  16  1:36  Nexus  
  16  1:44  Pylon  
  16  1:48  Assimilator  
  16  1:53  Assimilator  
  16  1:56  Probe (Chrono Boost)  
  17  2:07  Probe (Chrono Boost)  
  18  2:13  Photon Cannon  
  18  2:28  Probe (Chrono Boost)  
  19  2:39  Probe (Chrono Boost)  
  20  2:48  Pylon  
  20  2:49  Probe (Chrono Boost)  
  22  2:51  Probe (Chrono Boost)  
  22  3:00  Probe (Chrono Boost)  
  22  3:02  Probe (Chrono Boost)  
  24  3:10  Probe (Chrono Boost)  
  24  3:12  Probe (Chrono Boost)  
  26  3:19  Gateway  
  26  3:21  Probe (Chrono Boost)  
  26  3:24  Probe (Chrono Boost)  
  28  3:31  Probe (Chrono Boost)  
  29  3:35  Probe (Chrono Boost)  
  30  3:42  Probe (Chrono Boost)  
  30  3:45  Probe (Chrono Boost), Assimilator  
  32  3:49  Assimilator  
  32  3:52  Probe (Chrono Boost)  
  33  3:56  Probe (Chrono Boost)  
  34  4:03  Probe (Chrono Boost)  
  34  4:06  Probe (Chrono Boost)  
  36  4:11  Nexus  
  36  4:13  Probe (Chrono Boost)  
  37  4:18  Probe (Chrono Boost)  
  39  4:24  Probe (Chrono Boost)  
  39  4:28  Probe (Chrono Boost)  
  40  4:35  Probe (Chrono Boost)  
  41  4:39  Probe (Chrono Boost)  
  41  4:44  Cybernetics Core  
  41  4:45  Probe (Chrono Boost), Cybernetics Core  
  43  4:49  Probe (Chrono Boost)  
  43  4:51  Pylon  
  44  4:53  Pylon  
  44  4:56  Probe (Chrono Boost)  
  44  4:58  Pylon  
  45  5:03  Pylon  
  45  5:06  Probe (Chrono Boost)  
  46  5:10  Probe (Chrono Boost)  
  47  5:15  Assimilator  
  47  5:17  Probe (Chrono Boost)  
  47  5:19  Assimilator  
  47  5:20  Probe (Chrono Boost)  
  49  5:25  Probe (Chrono Boost)  
  49  5:27  Probe (Chrono Boost)  
  51  5:31  Probe (Chrono Boost)  
  52  5:36  Probe (Chrono Boost)  
  52  5:38  Probe (Chrono Boost)  
  52  5:41  Probe (Chrono Boost)  
  55  5:45  Stargate  
  55  5:46  Probe (Chrono Boost), Stargate  
  56  5:50  Stargate  
  56  5:52  Probe (Chrono Boost), Stargate  
  57  6:00  Stargate  
  57  6:02  Stargate  
  57  6:10  Stargate x2  
  57  6:12  Protoss Air Weapons Level 1  
  57  6:14  Protoss Air Armor Level 1  
  57  6:38  Fleet Beacon  
  57  6:55  Nexus  
  58  7:01  Probe (Chrono Boost)  
  58  7:02  Probe (Chrono Boost)  
  58  7:06  Assimilator  
  59  7:10  Assimilator  
  59  7:12  Probe x2 (Chrono Boost)  
  59  7:13  Pylon  
  59  7:15  Pylon  
  61  7:18  Probe (Chrono Boost)  
  61  7:22  Probe x2 (Chrono Boost)  
  63  7:23  Graviton Catapult (Chrono Boost)  
  63  7:27  Probe  
  77  7:32  Carrier x2 (Chrono Boost), Probe  
  77  7:34  Carrier (Chrono Boost), Probe  
  77  7:35  Carrier (Chrono Boost)  
  91  7:42  Probe, Pylon x2  
  92  7:44  Pylon  
  92  7:46  Pylon  
  92  7:47  Pylon  
  92  7:49  Pylon  
  92  7:52  Pylon  
  92  7:53  Probe  
  92  7:55  Pylon  
  99  8:11  Carrier (Chrono Boost)  
  105  8:14  Carrier (Chrono Boost)  
  105  8:18  Carrier (Chrono Boost)  
  111  8:32  Carrier (Chrono Boost)  
  117  8:46  Protoss Air Weapons Level 2  
  117  8:47  Protoss Air Armor Level 2  
  122  9:19  Carrier x3 (Chrono Boost)  
  127  9:24  Carrier (Chrono Boost)  
  95  9:46  Carrier (Chrono Boost)  
  95  9:50  Probe  
  96  9:54  Probe  
  97  10:02  Probe  
  97  10:06  Probe  
  99  10:14  Probe  
  100  10:18  Probe  
  101  10:26  Probe  
  102  10:31  Probe  
  109  10:38  Probe  
  109  10:41  Carrier (Chrono Boost)  
  110  10:43  Probe  
  111  10:55  Carrier (Chrono Boost)  
  111  11:17  Nexus  
  111  12:07  Carrier (Chrono Boost)  
Tags
 
Add a new tag
Caveats
  • Supply blocks, unpowered buildings, or Contaminate may cause inaccurate times.
  • Supply counts are checked every 10 seconds.